 Dungeon Crawl Stone Soup version 0.31-a0-182-gc5ef74bbde (webtiles) character file.

Game seed: 1364891909246713847

68 qw the Chopper (level 4, -4/28 HPs)
             Began as a Gargoyle Fighter on June 20, 2023.
             Killed from afar by Sigmund (7 damage)
             ... with a magic dart
             ... on level 2 of the Dungeon.
             The game lasted 00:00:43 (1157 turns).

qw the Chopper (Gargoyle Fighter)                   Turns: 1157, Time: 00:00:43

Health: -4/28      AC: 10    Str: 22    XL:     4   Next: 19%
Magic:  4/4        EV: 10    Int:  8    God:
Gold:   34         SH:  5    Dex: 15    Spells: 3/3 levels left

rFire   . . .        Y - +0 war axe
rCold   . . .        c - +0 buckler
rNeg    + . .        b - +0 scale mail
rPois   inf          (no helmet)
rElec   +            (no cloak)
rCorr   .            (no gloves)
SInv    .            (no boots)
Will    .....        (no amulet) Stlth
                     i - +6 ring of dexterity
HPRegen 0.24/turn    (no ring)
MPRegen 0.09/turn

%: no passive effects
@: no status effects
A: sickness immunity, AC +3, negative energy resistance 1, electricity
resistance, torment resistance 1, petrification resistance
a: no special abilities


You were on level 2 of the Dungeon.
You visited 1 branch of the dungeon, and saw 2 of its levels.

You collected 34 gold pieces.


Innate Abilities, Weirdness & Mutations

You are immune to sickness and miasma.
Your stone body is resilient. (AC +3)
You are immune to poison.
You resist negative energy. (rN+)
You are resistant to electric shocks. (rElec)
You are resistant to unholy torment.
You are immune to petrification.


   Skills:
 - Level 3.2 Fighting
 + Level 3.6 Axes
 - Level 3.2 Armour
 - Level 1.0 Dodging
 - Level 3.2 Shields


You had 3 spell levels left.
You didn't know any spells.
Your spell library was empty.

Inventory:

Hand Weapons
 g - a +0 flail
 Y - a +0 war axe (weapon)
Armour
 b - a +0 scale mail (worn)
 c - a +0 buckler (worn)
Jewellery
 i - a +6 ring of dexterity (left hand)
Potions
 a - a potion of degeneration {unknown}
 d - a potion of might
 e - a potion of haste {unknown}
 f - a potion of ambrosia {unknown}

Dungeon Overview and Level Annotations

Branches:
Dungeon (2/15)

Altars:

Annotations:
D:2 Sigmund


Message History

You closely miss Sigmund.
Sigmund is moderately wounded.
You hit the dart slug. The dart slug barely misses you.
Sigmund closely misses you.
You closely miss Sigmund.
Sigmund is moderately wounded.
You hit the dart slug but do no damage. The dart slug launches a dart at you.
The slug dart hits you but does no damage.
Sigmund hits you with a +3 scythe of protection.
You hit Sigmund but do no damage.
Sigmund is moderately wounded.
You hit the dart slug. The dart slug launches a dart at you.
You block the slug dart.
You slash the dart slug!
You kill the dart slug!
You hit Sigmund but do no damage. Sigmund casts a spell at you.
You resist with some effort. Sigmund casts a spell at you.
You resist with some effort.
You closely miss Sigmund.
Sigmund is moderately wounded.
Sigmund hits you with a +3 scythe of protection.
You hit Sigmund.
Sigmund is heavily wounded.
Sigmund hits you but does no damage.
You slash Sigmund!
Sigmund is almost dead.
Sigmund closely misses you.
You barely miss Sigmund.
Sigmund is almost dead.
Sigmund casts a spell at you. The magic dart hits you.
You hit Sigmund but do no damage.
Sigmund is almost dead.
Sigmund points at you and mumbles some strange words.
The magic dart hits you!
You die...

##.# #.# #..# #.# #.#
#.## #. #.# #.# #. #>#
#.# #. #.# #.# #. #.#
#.####.###.#
#####..........#######.
#..........@...........
#)########@##.)#######.
#.# #.##..# #.# #. #..#
#.# #. #..######### #.#
####. #........... #.#
#.... #...#######. #.#
#.### #.(......... #.#
#.# #...########


You could see Sigmund.

Vanquished Creatures
  A gnoll (D:1)
  An adder (D:2)
  2 dart slugs
  3 ball pythons
  5 bats
  An endoplasm (D:2)
  2 giant cockroaches (D:1)
  4 hobgoblins (D:1)
  6 jackals
  3 quokkas
  5 goblins
  4 kobolds
  3 rats (D:1)
40 creatures vanquished.

Notes
Turn   | Place    | Note
-------+----------+-------------------------------------------
     0 | D:1      | qw the Gargoyle Fighter began the quest for the Orb.
     0 | D:1      | Reached XP level 1. HP: 14/14 MP: 1/1
     0 | D:1      | 0 ||| qw: Version: 0.3-a-9-g12657ce
     0 | D:1      | 0 ||| qw: Game counter: 1476
     0 | D:1      | 0 ||| qw: Always use a shield: true
     0 | D:1      | 0 ||| qw: God list: Okawaru
     0 | D:1      | 0 ||| qw: Allow faded altars: false
     0 | D:1      | 0 ||| qw: Do Orc after D:15 true
     0 | D:1      | 0 ||| qw: Do second Lair branch before Depths: true
     0 | D:1      | 0 ||| qw: Lair rune preference: random
     0 | D:1      | 0 ||| qw: Plans: Normal, Zot:1-4, Slime:5, God:TSO, Crypt,
                  | Tomb, Abyss, Pan, Hells, Win
     0 | D:1      | 0 ||| PLANNING D:1-11
   189 | D:1      | Reached XP level 2. HP: 19/19 MP: 2/2
   311 | D:1      | 311 ||| Stepping ~*~*~tactically~*~*~ (hiding).
   312 | D:1      | 312 ||| Stepping ~*~*~tactically~*~*~ (hiding).
   328 | D:1      | 328 ||| DROPPING +0 club.
   410 | D:1      | Reached skill level 3 in Axes
   410 | D:1      | Reached XP level 3. HP: 19/23 MP: 3/3
   427 | D:1      | 427 ||| DROPPING +0 whip.
   879 | D:1      | 879 ||| UPGRADING to +6 ring of dexterity.
   880 | D:1      | 880 ||| READING scroll labelled UGAESTR AFFI.
   881 | D:1      | 881 ||| READING scroll labelled ECIBUUF PAUBLE.
   968 | D:2      | 968 ||| Stepping ~*~*~tactically~*~*~ (stealth).
  1001 | D:2      | Reached skill level 1 in Dodging
  1004 | D:2      | Reached XP level 4. HP: 28/28 MP: 4/4
  1020 | D:2      | 1020 ||| READING scroll labelled DOANICRUA GONO.
  1141 | D:2      | Noticed Sigmund
  1142 | D:2      | 1142 ||| Stepping ~*~*~tactically~*~*~ (hiding).
  1145 | D:2      | 1145 ||| Stepping ~*~*~tactically~*~*~ (hiding).
  1156 | D:2      | HP: 3/28 [Sigmund/magic dart (6)]
  1157 | D:2      | Killed from afar by Sigmund

Levels and vault maps discovered:
D:1:      dpeg_arrival_concentric_ovals, layout_loops_corners, minmay_distorted
D:2:      layout_loops_ring, serial_glass, glass_columns_a, glass_columns_b,
          shapermc_ecumenical_altar_pompeii, uniq_sigmund

Skill      XL: |  1  2  3 |
---------------+----------+-----
Axes           | 2 3 |  3.6
Dodging        | 1 |  1.0
Fighting       | |  3.2
Armour         | |  3.2
Shields        | |  3.2

Action                     |  1- 3 |  4- 6 || total
---------------------------+-------+-------++-------
  Melee: War axe           |   129 |    24 ||   153
    Use: Scroll            |     2 |     1 ||     3
 Armour: Scale mail        |    57 |    13 ||    70
  Dodge: Dodged            |    61 |    16 ||    77
  Block: Buckler           |    29 |     7 ||    36

Table legend:
 A = Non-vault XP
 B = Vault XP
 C = Vault XP percentage of total XP
 D = Non-vault monster count
 E = Vault monster count
 F = Vault count percentage of total count
                 A         B        C        D         E       F
            +---------+---------+-------+---------+---------+-------
      Total |      92 |       6 |   6.1 |      37 |       3 |   7.5
            +---------+---------+-------+---------+---------+-------
        D:1 |      53 |       6 |  10.2 |      23 |       3 |  11.5
        D:2 |      39 |       0 |   0.0 |      14 |       0 |   0.0
            +---------+---------+-------+---------+---------+-------
